 Dungeon Crawl Stone Soup version 0.14.2 (webtiles) character file.

1959 thepa the Ducker (level 8, -3/70 HPs)
             Began as a Minotaur Berserker on May 25, 2015.
             Was a Priest of Trog.
             Slain by a killer bee (4 damage)
             ... on Level 7 of the Dungeon.
             The game lasted 00:57:56 (8011 turns).

thepa the Ducker (Minotaur Berserker)               Turns: 8011, Time: 00:57:56

HP  -3/70        AC  8     Str 25      XL: 8   Next: 93%
MP   3/3         EV 12     Int  9      God: Trog [***...]
Gold 65          SH  0     Dex  9      Spells:  0 memorised,  7 levels left

rFire  . . .     SeeInvis .     K - +2,+1 spear (pierce)
rCold  . . .     Clarity  .     l - +2 ring mail
rNeg   . . .     Conserve .     (no shield)
rPois  .         rCorr    .     (helmet restricted)
rElec  .         rRot     .     (no cloak)
SustAb . .       Spirit   .     (no gloves)
rMut   .         Warding  .     (no boots)
Saprov . . .     Stasis   +     e - amulet of stasis
MR     .....                    x - ring of regeneration
                                f - +5 ring of intelligence

@: lethally poisoned, not resistant to hostile enchantments, very unstealthy
A: retaliatory headbutt, horns 2
a: Burn Spellbooks, Berserk, Trog's Hand, Renounce Religion


You were on level 7 of the Dungeon.
You worshipped Trog.
Trog was most pleased with you.
You were not hungry.

You visited 2 branches of the dungeon, and saw 8 of its levels.
You also visited: Ossuary.

You collected 209 gold pieces.
You spent 144 gold pieces at shops.

Inventory:

Hand weapons
 a - a +0,-1 falchion
 g - a +0,+0 short sword
 h - a +0,+0 sling
 k - a +1,+0 whip of venom
 r - a +0,+0 spear
 z - a +1,+2 vampiric short sword
 K - a +2,+1 spear of piercing (weapon)
Missiles
 d - 18 poisoned needles
 j - 27 stones (quivered)
Armour
 i - a +0 scale mail
 l - a +2 ring mail (worn)
Magical devices
 o - a wand of fireball (4) {unknown}
Comestibles
 c - 3 bread rations
 I - a choko
Scrolls
 b - a scroll of noise {unknown}
 m - 3 scrolls of teleportation
 n - a scroll of magic mapping
 p - 2 scrolls of enchant weapon II
 t - 2 scrolls of enchant armour {unknown}
 u - 2 scrolls of immolation {unknown}
 v - 7 scrolls of remove curse
 y - a scroll of fear {unknown}
 A - a scroll of random uselessness {unknown}
 N - 3 scrolls of identify
Jewellery
 e - an amulet of stasis (around neck)
 f - a +5 ring of intelligence (left hand)
 s - a +2 ring of evasion
 w - an uncursed ring of sustain abilities
 x - a ring of regeneration (right hand)
 H - an uncursed amulet of resist corrosion {unknown}
Potions
 q - a potion of might
 B - 2 potions of magic {unknown}
 C - 2 potions of poison {unknown}
 E - a potion of agility {unknown}
 F - 2 potions of brilliance {unknown}
 G - a potion of lignification {unknown}
 J - a potion of haste {unknown}
 L - a potion of porridge


   Skills:
 + Level 6.2 Fighting
 + Level 1.9 Short Blades
 + Level 7.0 Long Blades
 * Level 2.3 Polearms
 + Level 7.3 Armour
 + Level 7.7 Dodging
 + Level 1.6 Stealth


You had 7 spell levels left.
You didn't know any spells.

Dungeon Overview and Level Annotations

Branches:
Dungeon (7/15)             Temple (1/1) D:5

Altars:
Cheibriados
Dithmenos
Elyvilon
Fedhas
Kikubaaqudgha
Makhleb
Vehumet
Xom
Yredelemnul

Shops:
D:6 *


Innate Abilities, Weirdness & Mutations

You reflexively headbutt those who attack you in melee.
You have a pair of horns on your head.


Message History

The killer bee barely misses you. The killer bee stings you.
* * * LOW HITPOINT WARNING * * *
You are more poisoned.
The killer bee poisons you! The killer bee stings you!
* * * LOW HITPOINT WARNING * * *
You are more poisoned.
The killer bee poisons you! The killer bee stings you.
* * * LOW HITPOINT WARNING * * *
The killer bee stings you but does no damage.
The killer bee barely misses you. The killer bee closely misses you.
You feel refreshed.
It was a potion of restore abilities.
* * * LOW HITPOINT WARNING * * *
You feel sick. The killer bee closely misses you. You furiously retaliate!
You headbutt the killer bee!
You kill the killer bee!
Trog accepts your kill. The killer bee stings you.
* * * LOW HITPOINT WARNING * * *
The killer bee stings you.
You die...

.. (######
..
#.......#.#
#[......#..
.....#.#...
##>#...$..#
#.........#
#......k@.#
#..#..pk%k#
#..#.......#
## #..####.#
#..# ...#
####


You could see a hungry ghost and 3 killer bees.

Vanquished Creatures
  Menkaure (D:4)
  An orc warrior (D:6)
  2 sky beasts (D:6)
  5 ogres
  A giant frog (D:6)
  A gnoll sergeant (D:6)
  2 killer bees (D:7)
  4 crimson imps
  A gnoll shaman (D:5)
  A hound (D:5)
  A jelly (D:5)
  4 orc priests
  2 iguanas
  2 worker ants (D:4)
  3 orc wizards
  3 mummies (Ossuary)
  10 adders
  9 gnolls
  3 giant mites
  3 worms
  2 adder zombies
  4 giant geckos
  21 orcs
  6 giant cockroaches
  A gnoll zombie (Ossuary)
  10 goblins
  6 hobgoblins
  13 jackals
  4 kobolds
  A quokka (D:6)
  2 ball pythons
  10 bats
  3 giant newts
  5 gnoll skeletons (Ossuary)
  A goblin skeleton (Ossuary)
  A goblin zombie (Ossuary)
  2 hobgoblin skeletons (Ossuary)
  6 hobgoblin zombies (Ossuary)
  6 kobold zombies (Ossuary)
  6 orc skeletons (Ossuary)
  An orc zombie (Ossuary)
  A quokka skeleton (D:5)
  9 rats
  3 rat zombies (Ossuary)
183 creatures vanquished.

Vanquished Creatures (others)
  A mummy (Ossuary)
  2 gnoll zombies (Ossuary)
  A goblin skeleton (Ossuary)
  3 hobgoblin skeletons (Ossuary)
  A hobgoblin zombie (Ossuary)
  2 kobold skeletons (Ossuary)
  An orc skeleton (Ossuary)
  An orc zombie (Ossuary)
  4 rat skeletons (Ossuary)
  3 rat zombies (Ossuary)
19 creatures vanquished.

Grand Total: 202 creatures vanquished

Notes
Turn   | Place    | Note
--------------------------------------------------------------
     0 | D:1      | thepa, the Minotaur Berserker, began the quest for the Orb.
     0 | D:1      | Reached XP level 1. HP: 19/19 MP: 1/1
   362 | D:1      | Reached XP level 2. HP: 27/27 MP: 1/1
   671 | D:1      | Reached skill level 4 in Long Blades
  1250 | D:2      | Reached XP level 3. HP: 15/33 MP: 2/2
  1484 | D:2      | Acquired Trog's second power
  1987 | D:2      | Reached XP level 4. HP: 27/40 MP: 2/2
  2405 | D:3      | Reached skill level 1 in Short Blades
  2541 | D:3      | Reached XP level 5. HP: 29/47 MP: 2/2
  3479 | D:3      | Reached skill level 5 in Long Blades
  3483 | D:3      | Reached XP level 6. HP: 18/55 MP: 3/3
  3804 | D:4      | Noticed an ogre
  3811 | D:4      | Killed an ogre
  3939 | D:4      | Reached skill level 5 in Fighting
  4054 | D:4      | Noticed an ogre
  4064 | D:4      | Killed an ogre
  4064 | D:4      | Reached skill level 1 in Stealth
  4112 | D:4      | Noticed Menkaure
  4137 | D:4      | Killed Menkaure
  4137 | D:4      | Reached skill level 5 in Dodging
  4137 | D:4      | Reached XP level 7. HP: 47/61 MP: 3/3
  4294 | D:4      | Reached skill level 5 in Armour
  4835 | D:5      | Entered Level 5 of the Dungeon
  4930 | D:5      | Found a sand-covered staircase.
  4935 | Ossuary  | Entered an ossuary
  5367 | D:5      | Reached skill level 6 in Long Blades
  5566 | D:5      | Found a staircase to the Ecumenical Temple.
  5570 | Temple   | Entered the Ecumenical Temple
  6111 | D:5      | Reached XP level 8. HP: 66/70 MP: 3/3
  6430 | D:6      | Found Suoqestu's Assorted Antiques.
  6572 | D:6      | Bought a scroll of identify for 48 gold pieces
  6572 | D:6      | Bought a potion of curing for 48 gold pieces
  6572 | D:6      | Bought a scroll of identify for 48 gold pieces
  6614 | D:6      | Found a shadowy altar of Dithmenos.
  6877 | D:5      | Reached skill level 7 in Long Blades
  7112 | D:6      | Reached skill level 1 in Polearms
  8011 | D:7      | HP: 1/70 [killer bee (5)]
  8011 | D:7      | Slain by a killer bee

Action                   |  1- 3 |  4- 6 |  7- 9 || total
-------------------------+-------+-------+-------++-------
Melee: Falchion          |    19 |   124 |   217 ||   360
       Short sword       |    63 |       |       ||    63
       Spear             |       |       |    90 ||    90
  Use: Potion            |     1 |     4 |     8 ||    13
       Scroll            |     3 |     4 |     6 ||    13
